 Dungeon Crawl Stone Soup version 0.27-a0-279-gdfb9265905 (webtiles) character file.

Game seed: 9528532780012436074

74 runemasterragnar the Slasher (level 4, 0/30 HPs)
             Began as an Octopode Gladiator on Feb 8, 2021.
             Succumbed to an adder's poison
             ... on level 2 of the Dungeon.
             The game lasted 00:01:11 (1063 turns).

runemasterragnar the Slasher (Octopode Gladiator)   Turns: 1063, Time: 00:01:11

Health: 0/30       AC:  1    Str: 13    XL:     4   Next: 28%
Magic:  4/4        EV: 14    Int: 11    God:
Gold:   36         SH:  0    Dex: 13    Spells: 3/3 levels left

rFire    + . .     SeeInvis .   a - +0 long sword
rCold    + . .     Faith    .   (no shield)
rNeg     . . .     Spirit   .   b - +0 hat
rPois    .         Reflect  .   (no amulet)
rElec    .         Harm     .   i - ring of protection from fire
rCorr    .         Rampage  .   d - ring of protection from cold
Will     .....                  (no ring)
Stlth    +++.......             (no ring)
HPRegen  0.10/turn              (no ring)
MPRegen  0.09/turn              (no ring)
                                (no ring)
                                (no ring)

@: lethally poisoned (0 -> -3)
A: almost no armour, stealthy swim, amphibious, 8 rings, constrict 8, camouflage
1, gelatinous body 1
a: no special abilities


You were on level 2 of the Dungeon.
You visited 1 branch of the dungeon, and saw 2 of its levels.

You collected 36 gold pieces.

Inventory:

Hand Weapons
 a - a +0 long sword (weapon)
Missiles
 c - a throwing net (quivered)
 h - 14 boomerangs
Armour
 b - a +0 hat (worn)
Jewellery
 d - a ring of protection from cold (right tentacle)
 i - a ring of protection from fire (left tentacle)
Scrolls
 e - a scroll of teleportation {unknown}
 f - a scroll of identify {unknown}
Potions
 g - a potion of flight


   Skills:
 + Level 2.4 Fighting
 * Level 3.6 Long Blades
 + Level 2.4 Throwing
 + Level 3.3 Dodging
 + Level 1.7 Stealth
 + Level 1.1 Unarmed Combat


You had 3 spell levels left.
You didn't know any spells.
Your spell library was empty.

Dungeon Overview and Level Annotations

Branches:
Dungeon (2/15)

Altars:


Innate Abilities, Weirdness & Mutations

You cannot wear most types of armour.
You are very stealthy in the water. (Stealth+)
You are amphibious.
You can wear up to eight rings at the same time.
You can use your tentacles to constrict eight enemies at once.
Your skin changes colour to match your surroundings (Stealth+).
Your rubbery body absorbs attacks. (AC +1, EV +1)


Message History

Unknown command.
You see here an adder corpse.
Unknown command.
There is a lethal amount of poison in your body!
There is a lethal amount of poison in your body!
There is a lethal amount of poison in your body!
* * * LOW HITPOINT WARNING * * *
You feel sick.
* * * LOW HITPOINT WARNING * * *
You feel sick.
* * * LOW HITPOINT WARNING * * *
You feel sick.
* * * LOW HITPOINT WARNING * * *
You feel sick.
* * * LOW HITPOINT WARNING * * *
You feel sick.
You see here a scroll labelled MAUPPA YNINOC.
* * * LOW HITPOINT WARNING * * *
You feel sick.
You die...

####### ##(?...##
##.......##
#?........#
#.........#
#.........# ####
#@........# #...
###.........# #...
#......<...## #.<.
...#......$..# #..[
........†.....# #...
.........)....#...#...
#..$......†.....$.....
.....................#
..$.................#


There were no monsters in sight!

Vanquished Creatures
  A hound (D:2)
  2 adders (D:2)
  2 giant cockroaches (D:1)
  2 goblins (D:1)
  2 hobgoblins (D:2)
  2 jackals (D:2)
  3 kobolds
  A quokka (D:2)
  A ball python (D:1)
  4 bats (D:1)
  3 frilled lizards
  3 rats (D:1)
26 creatures vanquished.

Notes
Turn   | Place    | Note
-------+----------+-------------------------------------------
     0 | D:1      | runemasterragnar the Octopode Gladiator began the quest for
                  | the Orb.
     0 | D:1      | Reached XP level 1. HP: 14/14 MP: 1/1
   210 | D:1      | Reached XP level 2. HP: 18/19 MP: 2/2
   448 | D:1      | Reached skill level 1 in Stealth
   779 | D:2      | Reached XP level 3. HP: 9/25 MP: 3/3
  1045 | D:2      | Reached skill level 1 in Unarmed Combat
  1049 | D:2      | Reached XP level 4. HP: 9/30 MP: 4/4
  1061 | D:2      | HP: 1/30 [poisoned by an adder]
  1063 | D:2      | Succumbed to an adder's poison

Illustrated notes

Levels and vault maps discovered:
D:1:      minmay_arrival_four_loops, layout_rooms
D:2:      layout_rooms, uniq_jessica

Skill      XL: |  1  2  3 |
---------------+----------+-----
Stealth        | 1 |  1.7
Unarmed Combat | 1 |  1.1
Fighting       | |  2.4
Long Blades    | |  3.6
Throwing       | |  2.4
Dodging        | |  3.3

Action                   |  1- 3 |  4- 6 || total
-------------------------+-------+-------++-------
Melee: Long sword        |    37 |     2 ||    39
       Constrict         |    15 |     1 ||    16
       Tentacles         |    10 |     1 ||    11
Throw: Throwing net      |     2 |       ||     2
  Use: Potion            |     1 |       ||     1
 Stab: Sleeping          |     1 |       ||     1
Armor: Skin              |     3 |       ||     3
Dodge: Dodged            |    36 |     2 ||    38
       Rpst.: Long sword |     9 |       ||     9

Table legend: (Time is in decaauts)
 A = Elapsed time spent in this place.
 B = Non-inter-level travel time spent in this place.
 C = Inter-level travel time spent in this place.
 D = Time resting spent in this place.
 E = Time spent auto-exploring this place.
 F = Levels seen in this place.
 G = Mean time per level.
                   A        B        C        D        E       F      G
               +--------+--------+--------+--------+--------+-----+--------+
         Total |   1071 |   1039 |     32 |    234 |    635 |   2 |  535.5 |
       Dungeon |   1071 |   1039 |     32 |    234 |    635 |   2 |  535.5 |
               +--------+--------+--------+--------+--------+-----+--------+

Top non-repeatable levels by time:
     D:1: 1006 daAuts
     D:2: 65 daAuts
